 Dungeon Crawl Stone Soup version 0.23.1-37-gaa34b87 (webtiles) character file.

Game seed: 7413674851634861594

464 kae the Spear-Bearer (level 7, 0/55 HPs)
             Began as a Merfolk Skald on Mar 20, 2019.
             Slain by a worker ant (5 damage)
             ... on level 6 of the Dungeon.
             The game lasted 00:05:19 (2572 turns).

kae the Spear-Bearer (Merfolk Skald)                Turns: 2572, Time: 00:05:20

Health: 0/55       AC:  5    Str: 13    XL:     7   Next: 8%
Magic:  7/10       EV: 12    Int: 12    God:
Gold:   159        SH:  0    Dex: 14    Spells: 5/10 levels left

rFire    . . .     SeeInvis .   a - +1 spear
rCold    . . .     Gourm    .   (no shield)
rNeg     . . .     Faith    .   b - +0 leather armour
rPois    .         Spirit   .   (no helmet)
rElec    .         Reflect  .   q - +0 cloak
rCorr    .         Harm     .   h - +0 pair of gloves
MR       .....                  (no boots)
Stlth    +.........             (no amulet)
HPRegen  0.18/turn              (no ring)
MPRegen  0.12/turn              (no ring)

@: marked, infused, singing
A: change form in water, swift swim, stealthy swim
a: no special abilities


You were on level 6 of the Dungeon.
You were not hungry.

You visited 1 branch of the dungeon, and saw 5 of its levels.

You collected 159 gold pieces.

Inventory:

Hand Weapons
 a - a +1 spear (weapon)
Armour
 b - a +0 leather armour (worn)
 h - a +0 pair of gloves (worn)
 q - a +0 cloak (worn)
Scrolls
 c - 2 scrolls of remove curse
 e - 2 scrolls of identify
Potions
 g - a potion of resistance
 k - a potion of brilliance
 n - a potion of mutation
 o - a potion of haste
Comestibles
 d - 11 rations


   Skills:
 + Level 4.9 Fighting
 * Level 8.9 Polearms
 - Level 0.6 Armour
 - Level 2.6 Dodging
 - Level 2.0 Spellcasting
 - Level 3.2 Charms


You had 5 spell levels left.
You knew the following spells:

 Your Spells              Type           Power        Failure   Level  Hunger
a - Infusion              Chrm           #...         9%          1    ##.....
b - Song of Slaying       Chrm           #.......     14%         2    ###....
c - Shroud of Golubria    Chrm/Tloc      #.........   26%         2    ###....

Your spell library contained the following spells:

 Spells                   Type           Power        Failure   Level  Hunger
 Regeneration             Chrm/Necr      #.........   47%         3    ####...
 Spectral Weapon          Hex/Chrm       #.......     47%         3    ####...


Dungeon Overview and Level Annotations

Branches:
Dungeon (4/15)
 Temple: D:4-7

Altars:
Fedhas

Annotations:
D:3 Purgy


Message History

You aren't carrying any pieces of jewellery.
Unknown command.
Evoke which item? (* to show all) (? for menu, Esc to quit)
Okay, then.
Casting: Infusion (safe; 9% risk of failure)
Confirm with . or Enter, or press ? or * to list all spells.
You start singing a song of slaying.
The worker ant bites you.
* * * LOW HITPOINT WARNING * * *
The worker ant bites you but does no damage.
Casting: Song of Slaying (safe; 14% risk of failure)
Confirm with . or Enter, or press ? or * to list all spells.
You begin infusing your attacks with magical energy.
The bullfrog snags a nearby mosquito with its tongue.
The worker ant bites you but does no damage.
An orc comes into view. It is wielding a +0 flail.
The adder skeleton closely misses you. The worker ant bites you.
* * * LOW HITPOINT WARNING * * *
The adder skeleton bites you but does no damage.
The worker ant bites you.
You die...

#.#.# ..
#.#.###.#
##
#.......#
###.#####
#o# #F#
#h#
########Z#
......a@.#
##########


You could see a bullfrog, a hound, a worker ant, an orc and an adder skeleton.

Vanquished Creatures
  Grinder (D:3)
  An ogre (D:4)
  A centaur (D:6)
  3 adders
  An ooze (D:2)
  An adder skeleton (D:3)
  2 worms
  A dart slug (D:3)
  5 leopard geckos
  6 bats
  3 giant cockroaches
  7 goblins
  7 hobgoblins
  4 jackals (D:3)
  2 quokkas
  2 ball pythons
  6 frilled lizards
  7 kobolds
  6 rats
66 creatures vanquished.

Notes
Turn   | Place    | Note
-------+----------+-------------------------------------------
     0 | D:1      | kae the Merfolk Skald began the quest for the Orb.
     0 | D:1      | Reached XP level 1. HP: 16/16 MP: 3/3
   122 | D:1      | Reached XP level 2. HP: 21/23 MP: 0/5
   262 | D:1      | Reached skill level 4 in Polearms
   600 | D:1      | Reached XP level 3. HP: 22/28 MP: 6/6
   687 | D:2      | Learned a level 2 spell: Song of Slaying
   690 | D:2      | Learned a level 2 spell: Shroud of Golubria
   707 | D:2      | Reached skill level 5 in Polearms
  1045 | D:2      | Reached XP level 4. HP: 30/35 MP: 7/7
  1316 | D:3      | Found a faded altar of an unknown god.
  1316 | D:3      | Noticed Grinder
  1317 | D:3      | Paralysed by Grinder for 4 turns
  1325 | D:3      | Paralysed by Grinder for 2 turns
  1357 | D:3      | Killed Grinder
  1357 | D:3      | Reached skill level 7 in Polearms
  1357 | D:3      | Reached XP level 5. HP: 31/42 MP: 1/8
  1357 | D:3      | Reached XP level 6. HP: 35/48 MP: 1/9
  1710 | D:3      | Noticed Purgy
  2088 | D:3      | Found a blossoming altar of Fedhas.
  2275 | D:4      | Reached skill level 8 in Polearms
  2399 | D:4      | You fall through a shaft for 2 floors!
  2412 | D:6      | Reached XP level 7. HP: 14/55 MP: 4/10
  2572 | D:6      | Slain by a worker ant

Skill      XL: |  1  2  3  4  5  6 |
---------------+-------------------+-----
Polearms       | 4 5 7 8 |  8.9
Fighting       | 3 4 |  4.9
Armour         | |  0.6
Dodging        | |  2.6
Spellcasting   | |  2.0
Charms         | |  3.2

Action                   |  1- 3 |  4- 6 |  7- 9 || total
-------------------------+-------+-------+-------++-------
Melee: Spear             |   119 |   139 |     3 ||   261
 Cast: Infusion          |     5 |     5 |     2 ||    12
       Shroud of Golubri |       |     1 |       ||     1
       Song of Slaying   |       |       |     1 ||     1
  Use: Scroll            |       |    12 |       ||    12
       Potion            |       |     2 |     1 ||     3
 Stab: Sleeping          |     2 |     2 |       ||     4
  Eat: Chunk             |       |     5 |     1 ||     6
Armor: Leather armour    |    17 |    22 |     3 ||    42
Dodge: Dodged            |    45 |    63 |     4 ||   112
